 Dungeon Crawl Stone Soup version 0.20-a0-731-gecde0bf (webtiles) character file.

595 KristoblXynda the Sneak (level 7, -4/33 HPs)
             Began as a Spriggan Wanderer on Feb 22, 2017.
             Was a Follower of Yredelemnul.
             Killed by divine providence
             ... invoked by an orc priest
              (12 damage)
             ... on level 5 of the Dungeon.
             The game lasted 00:09:51 (4948 turns).

KristoblXynda the Sneak (Spriggan Wanderer)         Turns: 4948, Time: 00:09:52

Health: -4/33      AC:  3    Str: 16    XL:     7   Next: 16%
Magic:  10/10      EV: 24    Int: 14    God:    Yredelemnul [*.....]
Gold:   196        SH:  0    Dex: 14    Spells: 6/6 levels left

rFire    + . .     SeeInvis +   o - +2 short sword (venom)
rCold    . . .     Gourm    .   c - +0 robe
rNeg     . . .     Faith    .   (shield restricted)
rPois    .         Spirit   .   (helmet restricted)
rElec    +         Reflect  .   q - +0 cloak (curse)
rCorr    .         Harm     .   (gloves unavailable)
MR       +....                  (boots unavailable)
Stlth    ++++......             k - amulet of regeneration
Regen    0.6/turn               (no ring)
MPRegen  0.2/turn               n - +4 ring of evasion

@: mighty, very quick
A: unfitting armour, claws 1, horns 1, see invisible, fire resistance 1,
herbivore 3, speed 3, electricity resistance, slow metabolism 2
a: Animate Remains, Renounce Religion


You were on level 5 of the Dungeon.
You worshipped Yredelemnul.
Yredelemnul was aware of your devotion.
You were not hungry.

You visited 2 branches of the dungeon, and saw 6 of its levels.

You collected 196 gold pieces.

Inventory:

Hand Weapons
 o - a +2 short sword of venom (weapon)
Armour
 c - a +0 robe (worn)
 q - a cursed +0 cloak (worn)
Jewellery
 h - an uncursed ring of fire {unknown}
 k - an amulet of regeneration (around neck)
 n - a +4 ring of evasion (left claw)
Wands
 e - a wand of lightning (8/15)
Scrolls
 i - 2 scrolls of remove curse
Potions
 b - a potion of curing
 g - 4 potions of mutation
 j - 3 potions of brilliance
 p - a potion of ambrosia
Comestibles
 f - 3 bread rations


   Skills:
 - Level 1.0 Fighting
 + Level 5.2 Short Blades
   Level 2.0 Crossbows
 - Level 5.0 Dodging
 + Level 7.2 Stealth
   Level 1.0 Shields
 + Level 3.1 Invocations


You had 6 spell levels left.
You didn't know any spells.

Dungeon Overview and Level Annotations

Branches:
Dungeon (5/15)             Temple (1/1) D:4

Altars:
Cheibriados
Dithmenos
Elyvilon
Fedhas
Gozag
Hepliaklqana
Kikubaaqudgha
Nemelex Xobeh
Okawaru
Qazlal
Sif Muna
Trog
Vehumet
Xom
Yredelemnul


Innate Abilities, Weirdness & Mutations

You are very small and have problems with some larger weapons.
You are too small for most types of armour.
You have supernaturally acute eyesight. (SInv)
You are a herbivore.
You cover ground extremely quickly.
You need consume almost no food.
You have sharp fingernails.
You have a pair of small horns on your head.
Your flesh is heat resistant. (rF+)
You are resistant to electric shocks. (rElec)


Message History

You kill the orc!
Yredelemnul accepts your kill. The orc priest closely misses you.
Unknown command.
The orc completely misses you. The orc priest completely misses you.
The orc priest closely misses you.
Found a robe.
Things that are here:
a short sword; a ring mail; an orc corpse The orc priest completely misses you.
The orc priest misses you.
The orc priest invokes the aid of Beogh against you.
Beogh smites you!
* * * LOW HITPOINT WARNING * * *
Unknown command.
You feel better.
You hear the slow rusting of a drain nearby.
The orc priest calls down the wrath of Beogh upon you.
Beogh smites you!
You die...
Your body rises from the dead as a mindless zombie.

..## ..##..
... ..[... ..#
#.#... ..
#...# #.
###..#
#.##....#
######....#o.#
.......@SoO)##
######.###oo.#
## ## #.o.# ..
#...# ###o
#.>## #..8##
#.## # o8#$.
#.# .
#.o#...###.##
.>
..(.(...##..#
..


You could see a two-headed ogre, an orc warrior, 2 orc priests, an adder and an
orc.

Vanquished Creatures
  2 ogres (D:4)
  3 orc wizards
  A bullfrog skeleton (D:4)
  2 orc priests
  Ijyb (D:2)
  An iguana (D:3)
  A worker ant (D:5)
  8 adders
  An ooze (D:3)
  A worm (D:3)
  3 dart slugs
  A leopard gecko (D:3)
  16 orcs
  A giant cockroach (D:3)
  10 goblins
  10 hobgoblins
  8 jackals
  2 quokkas
  2 ball pythons
  5 bats
  5 frilled lizards
  7 kobolds
  4 rats
95 creatures vanquished.

Notes
Turn   | Place    | Note
-------+----------+-------------------------------------------
     0 | D:1      | KristoblXynda the Spriggan Wanderer began the quest for the Orb.
     0 | D:1      | KristoblXynda set off with: a +2 short sword, a potion of curing, a +0 robe, a +0 dagger, a bread ration
     0 | D:1      | Reached XP level 1. HP: 10/10 MP: 2/2
   251 | D:1      | Reached XP level 2. HP: 13/14 MP: 3/3
   815 | D:2      | Reached XP level 3. HP: 18/18 MP: 4/4
   934 | D:2      | Found a basalt altar of Yredelemnul.
   954 | D:2      | Became a worshipper of Yredelemnul the Dark
   997 | D:2      | Noticed Ijyb
  1036 | D:2      | Killed Ijyb
  1036 | D:2      | Reached skill level 4 in Stealth
  1036 | D:2      | Reached XP level 4. HP: 16/22 MP: 5/5
  1939 | D:3      | Found a radiant altar of Vehumet.
  2036 | D:3      | Reached * piety under Yredelemnul
  2091 | D:3      | HP: 1/22 [adder (5)]
  2098 | D:3      | Reached skill level 5 in Dodging
  2385 | D:3      | Gained mutation: You have a pair of small horns on your head. [potion of mutation]
  2385 | D:3      | Gained mutation: Your flesh is heat resistant. (rF+) [potion of mutation]
  2385 | D:3      | Gained mutation: You are resistant to electric shocks. (rElec) [potion of mutation]
  2385 | D:3      | Gained mutation: You have sharp fingernails. [potion of mutation]
  2525 | D:3      | Reached skill level 5 in Stealth
  2525 | D:3      | Reached XP level 5. HP: 19/25 MP: 6/6
  2584 | D:3      | Reached skill level 1 in Invocations
  2839 | D:3      | Found an opulent altar of Gozag.
  3251 | D:3      | Reached XP level 6. HP: 29/30 MP: 8/8
  3290 | D:3      | Found a blossoming altar of Fedhas.
  3359 | D:3      | Found a deep blue altar of Sif Muna.
  3745 | D:4      | Reached skill level 6 in Stealth
  3769 | D:4      | Found a shimmering altar of Xom.
  4117 | D:4      | Found a staircase to the Ecumenical Temple.
  4123 | Temple   | Entered the Ecumenical Temple
  4814 | D:4      | Reached skill level 5 in Short Blades
  4881 | D:5      | Entered Level 5 of the Dungeon
  4882 | D:5      | Reached XP level 7. HP: 33/33 MP: 10/10
  4909 | D:5      | Reached skill level 7 in Stealth
  4933 | D:5      | Noticed a two-headed ogre
  4946 | D:5      | HP: 1/33 [orc priest/divine providence (11)]
  4948 | D:5      | Killed from afar by an orc priest

Vault maps used:
D:1:      matt_arrival_los_fun
D:2:      lemuel_coloured_pillars_altar, kennysheep_big_empty_room, uniq_iyjb
D:3:      old_standard_altar, lemuel_doored_altar, vehumet_crystals,
          led_sif_pool
D:4:      xom_teletrap_fun, temple_fountains, first_bread
D:5:      minmay_overflow_temple_star_quad, portal_sewer_entry_d,
          guppyfry_early_orc_mine
Temple:   dpeg_three_leaves_temple

Skill      XL: |  1  2  3  4  5  6  7 |
---------------+----------------------+-----
Dodging        | 3 4 5 |  5.0
Short Blades   | 3 4 5 |  5.2
Stealth        | 4 5 6 7 |  7.2
Invocations    | 1 2 3 |  3.1
Fighting       | |  1.0
Crossbows      | |  2.0
Shields        | |  1.0

Action                   |  1- 3 |  4- 6 |  7- 9 || total
-------------------------+-------+-------+-------++-------
Melee: Short sword       |   108 |   178 |    19 ||   305
       Headbutt          |       |    24 |     5 ||    29
  Use: Scroll            |       |    10 |     2 ||    12
       Potion            |       |     2 |     5 ||     7
 Stab: Sleeping          |     3 |    11 |       ||    14
  Eat: Royal jelly       |       |     1 |       ||     1
Armor: Robe              |    10 |     7 |     2 ||    19
Dodge: Dodged            |    97 |   123 |    44 ||   264
